 Dungeon Crawl Stone Soup version 0.32-a0-814-g0968bab981 (webtiles) character file.

Game seed: 13644100967914872871

1903096 backslashecho the Invulnerable (level 25, 257/257 HPs)
             Began as a Minotaur Fighter on Mar 22, 2024.
             Was the Champion of Trog.
             Escaped with the Orb
             ... and 3 runes
             ... and 1 gem!
             The game lasted 02:46:28 (58124 turns).

backslashecho the Invulnerable (Minotaur Fighter)  Turns: 58124, Time: 02:46:28

Health: 257/257    AC: 46    Str: 34    XL:     25   Next: 76%
Magic:  22/22      EV: 11    Int:  5    God:    Trog [******]
Gold:   2995       SH: 35    Dex: 15    Spells: 24/24 levels left

rFire   + + +        a - +4 consecrated labrys {holy, Valiant ^Fragile Fly SInv}
rCold   + + .        F - +10 tower shield of Ignorance {rN+ Int-4}
rNeg    + . .        r - +5 gold dragon scales
rPois   +            k - +2 hat {Will+}
rElec   +            O - +2 cloak {rCorr}
rCorr   +            H - +3 pair of gloves "Rauk Dem" {Str+3 Int+6}
SInv    +            J - +1 pair of boots of Jigsaw {Fly rF+}
Will    +++..        b - amulet of regeneration Stlth
                     W - ring of Qiaff {Wiz rElec rF+ Str+3}
HPRegen 1.42/turn    v - ring of willpower
MPRegen 0.18/turn

%: wizardry (x1)
@: flying
A: horns 2, retaliatory headbutt, hooves 1, cold resistance 1, deterioration 1,
dopey 1, poison resistance
0: Orb of Zot
}: 3/15 runes: decaying, serpentine, slimy
a: Renounce Religion, Berserk, Trog's Hand, Brothers in Arms


You escaped.
You worshipped Trog.
Trog was exalted by your worship.
You visited 10 branches of the dungeon, and saw 51 of its levels.
You visited 1 bazaar.
You also visited: Bailey, Ice Cave and Wizlab.

You collected 7955 gold pieces.
You spent 4960 gold pieces at shops.

Inventory:

Hand Weapons
 a - the +4 consecrated labrys (weapon) {holy, Valiant ^Fragile Fly SInv}
   (You found it on level 5 of the Pits of Slime)

   Valiant:   It becomes more powerful as more dangerous foes come into view.
   SInv:      It lets you see invisible.
   Fly:       It grants you flight.
   ^Fragile:  It will be destroyed if unequipped.
Missiles
 j - 2 throwing nets
 l - 19 curare-tipped darts (quivered)
Armour
 k - a +2 hat of willpower (worn)
 r - +5 gold dragon scales (worn)
 y - a +1 tower shield of cold resistance
 F - the +10 tower shield of Ignorance (worn) {rN+ Int-4}
   (You acquired it in a bazaar)

   Int-4:     It affects your intelligence (-4).
   rN+:       It protects you from negative energy.
 H - the +3 pair of gloves "Rauk Dem" (worn) {Str+3 Int+6}
   (You found it on level 3 of the Swamp)

   Str+3:     It affects your strength (+3).
   Int+6:     It affects your intelligence (+6).
 J - the +1 pair of boots of Jigsaw (worn) {Fly rF+}
   (You bought it in a shop on level 2 of the Elven Halls)

   rF+:       It protects you from fire.
   Fly:       It grants you flight.
 M - the scarf of Lekhlusche {rC+ rF+, Harm Int+3}
   (You acquired it on level 1 of the Lair of Beasts)

   Int+3:     It affects your intelligence (+3).
   Harm:      It increases damage dealt and taken.
 O - a +2 cloak of preservation (worn)
Jewellery
 b - an amulet of regeneration (around neck)
 q - a ring of protection from cold
 u - the ring of Kyurid {rF+ rN+ Str+3}
   (You found it on level 3 of the Swamp)

   [ring of protection from fire]

   Str+3:     It affects your strength (+3).
   rF+:       It protects you from fire.
   rN+:       It protects you from negative energy.
 v - a ring of willpower (right hand)
 A - the ring "Milala Imexa" {rF+++ rC+ rN+ Will- Dex+4}
   (You acquired it in an ice cave)

   [ring of positive energy]

   Dex+4:     It affects your dexterity (+4).
   rF+++:     It renders you almost immune to fire.
   rC+:       It protects you from cold.
   rN+:       It protects you from negative energy.
   Will-:     It decreases your willpower.
 K - a ring of resist corrosion
 Q - the ring of Houbaos {rPois rF+ Dex+4}
   (You found it on level 5 of the Pits of Slime)

   [ring of poison resistance]

   Dex+4:     It affects your dexterity (+4).
   rF+:       It protects you from fire.
   rPois:     It protects you from poison.
 W - the ring of Qiaff (left hand) {Wiz rElec rF+ Str+3}
   (You bought it in a shop on level 2 of the Orcish Mines)

   [ring of wizardry]

   Wiz:       It improves your spell success rate.
   Str+3:     It affects your strength (+3).
   rF+:       It protects you from fire.
   rElec:     It insulates you from electricity.
Wands
 n - a wand of digging (18)
 p - a wand of quicksilver (14)
 R - a wand of mindburst (19)
 S - a wand of iceblast (27)
Scrolls
 f - 6 scrolls of fog
 g - 3 scrolls of immolation
 i - 10 scrolls of teleportation
 x - 11 scrolls of fear
 D - 2 scrolls of blinking
 E - 2 scrolls of revelation
 L - 5 scrolls of poison
 N - 2 scrolls of summoning
 Z - a scroll of silence
Potions
 d - 5 potions of might
 e - 13 potions of heal wounds
 m - 4 potions of enlightenment
 s - 5 potions of cancellation
 t - 25 potions of curing
 w - 7 potions of ambrosia
 z - 2 potions of haste
 B - 4 potions of mutation
 U - 5 potions of invisibility
 V - 2 potions of resistance
 Y - 2 potions of magic
Miscellaneous
 c - a phial of floods
 h - a condenser vane
 o - a phantom mirror
 I - a box of beasts
 T - a lightning rod (4/4)


   Skills:
 O Level 27 Fighting
 + Level 19.8 Axes
 - Level 6.8 Throwing
 O Level 27 Armour
 + Level 9.4 Dodging
 O Level 27 Shields
 - Level 4.9 Unarmed Combat
 + Level 19.1 Evocations


You had 24 spell levels left.
You didn't know any spells.
Your spell library contained the following spells:

 Spells                   Type           Power      Damage    Failure   Level
 Jinxbite                 Hex            0%         N/A       77%         2
 Call Canine Familiar     Summ           0%         N/A       93%         3
 Sigil of Binding         Hex            0%         N/A       93%         3
 Dimensional Bullseye     Hex/Tloc       0%         N/A       100%        4
 Yara's Violent Unravell  Hex/Alch       0%         3d3       100%        5
 Enfeeble                 Hex            0%         N/A       100%        7


Dungeon Overview and Level Annotations

Branches:
Dungeon (15/15)            Temple (0/1) D:6            Lair (5/5) D:10
  Swamp (4/4) Lair:3        Snake (4/4) Lair:3        Slime (5/5) Lair:5
    Orc (2/2) D:11            Elf (3/3) Orc:2        Vaults (4/5) D:14
  Crypt (0/3) Vaults:3     Depths (4/4) D:15            Zot (5/5) Depths:4
 Bailey (visited)           IceCv (visited)          WizLab (visited)

Altars:
Ashenzari
Cheibriados
Dithmenos
Elyvilon
Fedhas
Hepliaklqana
Kikubaaqudgha
Makhleb
Nemelex Xobeh
Okawaru
Qazlal
Ru
Trog
Vehumet
Wu Jian
Xom
Yredelemnul
Zin
The Shining One
Beogh
Jiyva

Shops:
D:9 [=:   Orc:2 *![(=   Elf:2 [([!   Snake:3 *[[(   Vaults:2 [   Vaults:4 (

Portals:
Hell: Depths:1 Depths:2 Depths:3 Depths:4
Abyss: Depths:3 Depths:4
Pandemonium: Depths:2
Ziggurat: Depths:3

Annotations:
D:7 1 runed translucent door, 1 exclusion, Crazy Yiuf
Snake:2 Roxanne
Elf:1 1 runed translucent door, Fiobut's ghost, adept DEAE
Elf:2 3 runed translucent doors
Depths:3 3 runed translucent doors, Eluafa Diuxt's ghost, veteran TrGl
Zot:3 exclusions: orb of fire and upstairs
Zot:5 1 exclusion


Innate Abilities, Weirdness & Mutations

You have a pair of horns on your head.
You reflexively headbutt those who attack you in melee.
You have large cloven feet.
Your flesh is cold resistant. (rC+)
Your body sometimes deteriorates upon taking damage.
You are dopey. (Int -2)
Your system is resistant to poisons. (rPois)


Message History

You fly upwards.
There is a stone staircase leading down here.
HP restored.
There is a stone staircase leading up here.
You fly upwards.
There is a stone staircase leading down here.
A blizzard demon comes into view.
Health restored: 257 The blizzard demon hits you but does no damage.
You block the blizzard demon's attack.
You slice the blizzard demon!!
The blizzard demon convulses!
The blizzard demon is almost dead.
You closely miss the blizzard demon. You headbutt the blizzard demon.
The blizzard demon is almost dead.
The blizzard demon hits you but does no damage.
The blizzard demon barely misses you.
You slice the blizzard demon!!
You kill the blizzard demon!
Trog accepts your kill.
No target in view!
An Executioner comes into view.
The Executioner gestures.
The Executioner seems to speed up.
You block the Executioner's attack. x4
The Executioner hits you but does no damage.
The Executioner barely misses you. x2; You furiously retaliate!
You headbutt the Executioner! The Executioner closely misses you.
The Executioner hits you but does no damage.
You slash the Executioner!
The Executioner convulses!
The Executioner is heavily wounded.
You block the Executioner's attack. The Executioner hits you.
You block the Executioner's attack. x3
The Executioner hits you but does no damage.
You take 6 damage, and have 251/257 hp.
You closely miss the Executioner.
The Executioner is heavily wounded.
You block the Executioner's attack. x4
The Executioner hits you but does no damage.
The Executioner completely misses you.
You slash the Executioner!
The Executioner convulses.
Your headbutt misses the Executioner.
The Executioner is severely wounded.
You block the Executioner's attack. x4; The Executioner hits you. x2
You take 3 damage, and have 249/257 hp.
You barely miss the Executioner.
You headbutt the Executioner, but do no damage.
The Executioner is severely wounded.
You block the Executioner's attack. x4
The Executioner hits you but does no damage. x2
You slice the Executioner!!
You kill the Executioner!
Trog accepts your kill.
No target in view!
No target in view!
No target in view!
No target in view!
HP restored.
A seraph, a daeva and a cherub come into view.
The seraph is wielding a +5 great sword of flaming.
The daeva is wielding a +4 scimitar of holy wrath.
The cherub is wielding a +0 flail of flaming.
Health restored: 257 The cherub's eagle head screeches!
The seraph gestures.
The seraph begins to accept its allies' injuries.
The daeva calls down the wrath of the Shining One upon you.
The Shining One smites you!
The cherub sings a powerful hymn!
The angels go into a battle-frenzy!
You take 13 damage, and have 244/257 hp.
The cherub unwields a +0 flail of flaming.
It stops flaming.
The cherub wields a +0 shortbow.
The cherub shoots an arrow.
You block the arrow.
You regained 2 hp, and now have 246/257 hp.
Blink to where?
Press: ? - help, Dir - move target
As you read the scroll of blinking, it crumbles to dust.
The seraph gestures.
The daeva calls down the wrath of the Shining One upon you.
The Shining One smites you!
You take 16 damage, and have 230/257 hp.
The cherub sings a powerful hymn!
The daeva calls down the wrath of the Shining One upon you.
The Shining One smites you!
You fly upwards.
There is a stone staircase leading down here.
You take 10 damage, and have 220/257 hp.
There is a stone staircase leading up here.
You fly upwards.
There is a stone staircase leading down here.
Items here: )) [[ ÷.
Things that are here:
a +3 dagger; a +0 sling; a goblin skeleton
There is a stone staircase leading up here.
You fly upwards.
HP restored.
There is a stone staircase leading down here.
Things that are here:
a +0 dagger of venom; a goblin skeleton You see here a bat skeleton.
There is a staircase leading out of the dungeon here.
Health restored: 257 You have escaped!

##.............##
#...............#
#...............#
######...............#
#..........†.........#####
###########................#
###P#P#P#P#P###..............#
#.............#..............#
#........PP..@#...............
#.............###..#####......
#.#P#P#P#P#P### #..####..###..
#.############# #..#..........
#.÷......#>...###..#..........
##.......#)#...##.....#.......
##.....##.#.........#........
##..................#........
#...........#.......#........


There were no monsters in sight!

Vanquished Creatures
  the Royal Jelly (Slime:5)
  Dissolution (Slime:2)
  A dread lich (Zot:5)
  3 ancient liches (Zot:5)
  7 orbs of fire
  Boris (Depths:1)
  Vv (Depths:3)
  Bai Suzhen (Snake:3)
  Saint Roka (Orc:2)
  2 Killer Klowns (Zot:5)
  Vashnia (Snake:2)
  10 golden dragons
  5 caustic shrikes (Depths:4)
  A curse toe (Zot:4)
  the Enchantress (Depths:1)
  Nikola (Vaults:1)
  3 electric golems
  A Tzitzimitl (D:9)
  Jorgrun (D:12)
  Rupert (Lair:3)
  11 tentacled monstrosities
  4 liches
  Zenata (Vaults:1)
  A walking crystal tome (Depths:3)
  3 titans
  2 deep elf blademasters (Elf:3)
  23 Orb Guardians
  14 acid blobs
  2 walking earthen tomes (Depths:3)
  A walking divine tome (Depths:3)
  2 sphinxes
  9 death cobs
  2 deep elf master archers (Elf:3)
  2 Executioners
  6 quicksilver dragons
  A thorn hunter (Swamp:4)
  Aizul (Snake:4)
  A tengu reaver (Depths:2)
  15 storm dragons
  10 draconian knights
  8 shadow dragons
  A protean progenitor (Zot:4)
  A fenstrider witch (Swamp:2)
  3 fire giants
  7 nagarajas
  5 rockslimes
  2 draconian monks
  6 deep elf sorcerers (Elf:3)
  11 azure jellies
  8 vault wardens
  2 iron dragons
  6 frost giants
  2 ghost moths (Zot:4)
  7 deep elf elementalists (Elf:3)
  3 balrugs
  2 draconian shifters
  3 orc warlords
  A juggernaut zombie (Depths:1)
  A caustic shrike zombie (Depths:1)
  2 draconian scorchers
  8 ironbound preservers
  5 spriggan defenders
  A formless jellyfish (Vaults:4)
  21 very ugly things
  3 draconian stormcallers
  4 draconian annihilators
  8 stone giants
  9 quicksilver oozes
  3 ironbound thunderhulks
  3 eleionomae
  6 green draconians
  3 deep elf demonologists (Elf:3)
  4 deep elf annihilators (Elf:3)
  2 vampire knights
  Azrael (Snake:2)
  8 deep elf death magi
  2 pale draconians (Depths:4)
  10 white draconians
  10 black draconians
  10 yellow draconians
  3 bunyips
  An orange crystal statue (WizLab)
  2 war gargoyles
  9 red draconians
  11 dire elephants
  4 purple draconians
  A green death (Zot:2)
  4 ettins
  Josephine (D:10)
  2 entropy weavers
  13 fire dragons
  A shambling mangrove (Swamp:4)
  A blizzard demon (D:4)
  7 vault guards
  3 deep elf high priests (Elf:3)
  7 yaktaur captains
  16 great orbs of eyes
  7 rakshasas
  A salamander tyrant (Snake:4)
  5 alligators
  20 hydras
  2 ogre magi
  Fannar (Lair:2)
  A centaur warrior (D:14)
  A peacekeeper (Vaults:2)
  9 ironbound frosthearts
  A radroach (shapeshifter) (Vaults:3)
  Erica (Lair:1)
  2 catoblepae
  12 ice dragons
  5 boulder beetles
  17 dancing weapons
  2 death yaks (D:14)
  4 spriggan air magi
  A death knight (D:15)
  15 anacondas
  5 tengu warriors
  6 two-headed ogres
  Urug (D:10)
  14 deep troll shamans
  3 vampire magi
  9 deep troll earth magi
  4 orc high priests
  7 shock serpents
  8 deep elf knights
  16 naga sharpshooters
  19 naga warriors
  16 hell knights
  6 occultists
  12 spriggan berserkers
  3 sun demons (Zot:5)
  3 goliath frogs (Swamp:1)
  10 iron trolls
  4 salamander mystics
  A sea snake (Snake:1)
  A spriggan druid (Swamp:2)
  5 flayed ghosts
  4 skysharks
  3 glowing orange brains
  A glowing orange brain (shapeshifter) (Depths:1)
  11 swamp dragons
  13 deep elf archers
  An obsidian statue (D:12)
  8 arcanists
  9 ironbound convokers
  4 mana vipers
  58 deep trolls
  3 thermic dynamos (Elf:3)
  30 ugly things
  4 naga ritualists
  13 lindwurms
  3 bog bodies (Swamp:1)
  Pikel (D:7)
  An obsidian bat (Orc:1)
  3 large abominations (Elf:1)
  10 necromancers
  5 shining eyes
  3 harpies (Vaults:2)
  8 phantasmal warriors
  A steelbarb worm (shapeshifter) (Depths:2)
  13 orc knights
  A death drake (shapeshifter) (Depths:1)
  14 deep elf zephyrmancers
  30 deep elf pyromancers
  A shadow dragon skeleton (Depths:1)
  3 orc sorcerers
  2 oklob plants
  17 salamanders
  2 will-o-the-wisps
  25 moths of wrath
  A frost giant zombie (Depths:1)
  8 cyclopes
  3 manticores (D:11)
  5 eyes of devastation
  3 meliai (D:13)
  24 black mambas
  9 naga magi
  A centaur zombie (D:15)
  A black mamba (shapeshifter) (D:14)
  Joseph (D:10)
  9 guardian serpents
  16 vault sentinels
  3 ice statues (IceCv)
  14 cane toads
  2 smoke demons (Depths:4)
  A centaur skeleton (D:15)
  6 torpor snails (Lair:5)
  2 gargoyles
  2 unseen horrors (D:12)
  16 komodo dragons
  2 freezing wraiths
  A tormentor (Zot:5)
  4 rime drakes
  An efreet (D:15)
  16 yaktaurs
  A yaktaur skeleton (Vaults:2)
  6 tengu conjurers
  A redback zombie (D:15)
  4 human skeletons (Vaults:2)
  19 hornets
  6 trolls
  A bloated husk (Swamp:3)
  A polar bear (Lair:2)
  12 tyrant leeches
  3 glass eyes (Elf:3)
  11 blink frogs
  4 dream sheep (Lair:5)
  A jumping spider (Vaults:4)
  21 spriggans
  64 slime creatures
  A vampire (D:11)
  2 shadows
  2 centaur simulacra
  3 wyverns
  5 air elementals
  7 wraiths
  54 yaks
  3 fire elementals
  12 water elementals
  A hog (shapeshifter) (D:14)
  A golden eye (shapeshifter) (Elf:1)
  6 steam dragons
  Grum (D:10)
  8 basilisks
  2 death yak simulacra
  5 wargs
  5 redbacks
  13 vampire mosquitoes
  A harpy simulacrum (IceCv)
  27 swamp worms
  9 acid dragons
  22 water moccasins
  36 nagas
  A hydra simulacrum (IceCv)
  35 orc warriors
  9 swamp drakes
  2 hell hounds (Snake:2)
  A sky beast (D:7)
  An ice beast (D:6)
  11 ogres
  11 boggarts
  18 wolves
  7 centaurs
  Blork the orc (D:5)
  2 kobold brigands
  A weeping skull (D:10)
  11 bullfrogs
  A gnoll sergeant (D:10)
  An earth elemental (Elf:3)
  2 scorpions
  3 cane toad simulacra
  10 wights
  A human simulacrum (Vaults:2)
  2 elephant simulacra (D:12)
  4 killer bees (D:8)
  10 electric eels
  10 howler monkeys
  A bombardier beetle (D:4)
  18 orc priests
  6 hounds
  4 jellies
  A gnoll bouda (D:5)
  8 iguanas
  20 orc wizards
  2 spriggan simulacra (D:12)
  A troll simulacrum (D:12)
  A polar bear simulacrum (IceCv)
  A wolf simulacrum (IceCv)
  Robin (D:2)
  22 gnolls
  9 adders
  A naga simulacrum (D:12)
  2 white imps
  2 dart slugs
  2 ribbon worms
  113 orcs
  7 bats
  7 endoplasms
  2 giant cockroaches (D:1)
  16 goblins
  8 hobgoblins
  3 jackals (D:4)
  13 kobolds
  A quokka (D:3)
  5 ball pythons
  2 frilled lizards (D:1)
  3 rats
  A spectral orc (D:10)
  An aspiring flesh (Zot:4)
1979 creatures vanquished.

Vanquished Creatures (collateral kills)
  A dread lich (Depths:3)
  A caustic shrike (Depths:3)
  A frost giant (Depths:3)
3 creatures vanquished.

Vanquished Creatures (others)
  A swamp dragon (Swamp:3)
  A deep elf pyromancer (Elf:3)
  A tyrant leech (Swamp:3)
  3 bloated husks
  A spriggan (Swamp:3)
  An iguana (Lair:5)
  6 foxfires
14 creatures vanquished.

Grand Total: 1996 creatures vanquished

Notes
Turn   | Place    | Note
-------+----------+-------------------------------------------
     0 | D:1      | backslashecho the Minotaur Fighter began the quest for the
                  | Orb.
     0 | D:1      | Reached XP level 1. HP: 19/19 MP: 0/0
    43 | D:1      | Reached XP level 2. HP: 27/27 MP: 1/1
   282 | D:1      | Reached XP level 3. HP: 32/33 MP: 2/2
   680 | D:2      | Noticed Robin
   689 | D:2      | Killed Robin
   708 | D:2      | Found a radiant altar of Vehumet.
   893 | D:2      | Reached XP level 4. HP: 41/41 MP: 3/3
  1136 | D:3      | Noticed an ogre
  1140 | D:3      | Killed an ogre
  1141 | D:3      | Reached skill level 5 in Fighting
  1141 | D:3      | Reached skill level 5 in Shields
  1141 | D:3      | Reached XP level 5. HP: 48/48 MP: 4/4
  1188 | D:3      | Found a blossoming altar of Fedhas.
  1328 | D:3      | Noticed an ogre
  1354 | D:3      | Killed an ogre
  1355 | D:3      | Reached skill level 1 in Throwing
  1355 | D:3      | Reached XP level 6. HP: 56/56 MP: 5/5
  1583 | D:3      | Found a white marble altar of Elyvilon.
  2139 | D:4      | Reached skill level 5 in Axes
  2289 | D:4      | Noticed a water moccasin
  2302 | D:4      | Killed a water moccasin
  2821 | D:4      | Reached XP level 7. HP: 61/61 MP: 6/6
  3636 | D:5      | Entered Level 5 of the Dungeon
  3887 | D:5      | Noticed Blork the orc
  3897 | D:5      | Killed Blork the orc
  3906 | D:5      | Found a glowing golden altar of the Shining One.
  3963 | D:5      | Found a sparkling altar of Nemelex Xobeh.
  4073 | D:5      | Found a shimmering altar of Xom.
  4097 | D:5      | Found a stormy altar of Qazlal.
  4433 | D:5      | Found a bloodstained altar of Trog.
  4451 | D:5      | Became a worshipper of Trog the Wrathful
  4722 | D:6      | Reached XP level 8. HP: 61/68 MP: 7/7
  5030 | D:6      | Found an ancient bone altar of Kikubaaqudgha.
  5374 | D:6      | Reached skill level 5 in Throwing
  5545 | D:6      | Found a staircase to the Ecumenical Temple.
  5820 | D:7      | Found an ornate altar of the Wu Jian Council.
  5952 | D:7      | Reached skill level 9 in Shields
  6061 | D:7      | Found a radiant altar of Vehumet.
  6265 | D:7      | Found a runed translucent door.
  6266 | D:7      | Noticed Crazy Yiuf
  6595 | D:8      | Reached XP level 9. HP: 67/74 MP: 8/8
  6762 | D:8      | Noticed Pikel
  6769 | D:7      | Killed Pikel
  6770 | D:7      | Reached skill level 9 in Axes
  6770 | D:7      | Reached skill level 5 in Armour
  7028 | D:8      | Reached * piety under Trog
  7375 | D:8      | Found a sacrificial altar of Ru.
  7415 | D:8      | Identified the +0 robe of Ykafoeki {Dex+4}
  7512 | D:8      | Found a burning altar of Makhleb.
  7916 | D:9      | Found Lulymm's Armour Shoppe.
  7930 | D:9      | Noticed a two-headed ogre
  7942 | D:9      | Killed a two-headed ogre
  7943 | D:9      | Reached XP level 10. HP: 81/81 MP: 9/9
  7945 | D:9      | Paralysed by a hornet for 2 turns
  8110 | D:9      | Found a snail-covered altar of Cheibriados.
  8123 | D:9      | Found Syniapp's Jewellery Shop.
  8133 | D:9      | Reached ** piety under Trog
  8280 | D:9      | Found Ackus's Vocational Training.
  8316 | D:9      | Found a shadowy altar of Dithmenos.
  8317 | D:9      | Found a hazy altar of Hepliaklqana.
  8342 | D:10     | Entered Level 10 of the Dungeon
  8373 | D:10     | Found a basalt altar of Yredelemnul.
  8409 | D:10     | Noticed Joseph
  8418 | D:10     | Killed Joseph
  8513 | D:10     | Noticed Grum
  8521 | D:10     | Killed Grum
  8629 | D:10     | Reached skill level 9 in Armour
  8658 | D:10     | Found a staircase to the Lair.
  8734 | D:10     | Found a flagged portal.
  8744 | Bailey   | Entered a bailey
  8867 | Bailey   | Reached skill level 12 in Axes
  9102 | Bailey   | Reached XP level 11. HP: 89/89 MP: 10/10
  9211 | Bailey   | Noticed a two-headed ogre
  9226 | Bailey   | Killed a two-headed ogre
  9227 | Bailey   | Reached skill level 12 in Shields
  9291 | Bailey   | Reached skill level 1 in Evocations
  9498 | D:10     | Noticed Urug
  9521 | D:10     | Killed Urug
  9522 | D:10     | Reached skill level 1 in Dodging
 10068 | D:10     | Noticed Josephine
 10085 | D:10     | Killed Josephine
 10167 | Lair:1   | Entered Level 1 of the Lair of Beasts
 10325 | Lair:1   | Reached *** piety under Trog
 10431 | Lair:1   | Reached skill level 9 in Fighting
 10675 | Lair:1   | Noticed Erica
 10690 | Lair:1   | Reached XP level 12. HP: 17/104 MP: 11/11
 10692 | Lair:1   | Killed Erica
 10693 | Lair:1   | Reached skill level 5 in Evocations
 10758 | Lair:1   | Noticed a catoblepas
 10790 | Lair:1   | Killed a catoblepas
 11195 | Lair:2   | Found a snail-covered altar of Cheibriados.
 11382 | Lair:2   | Noticed a five-headed hydra
 11384 | Lair:2   | Identified 3 scrolls of acquirement
 11400 | Lair:2   | Killed a one-headed hydra
 11431 | Lair:1   | Acquired 1110 gold pieces
 11433 | Lair:1   | Acquired the scarf of Lekhlusche {rC+ rF+, Harm Int+3}
 11435 | Lair:1   | Acquired a +2 hat of willpower
 11528 | Lair:2   | Noticed a boulder beetle
 11544 | Lair:2   | Killed a boulder beetle
 11763 | Lair:2   | Noticed Fannar
 11789 | Lair:2   | Killed Fannar
 11847 | Lair:2   | Reached skill level 15 in Axes
 12386 | Lair:3   | Noticed Rupert
 12411 | Lair:3   | Killed Rupert
 12636 | Lair:3   | Reached XP level 13. HP: 117/117 MP: 12/12
 12708 | Lair:3   | Found a staircase to the Snake Pit.
 12731 | Lair:3   | Reached skill level 12 in Fighting
 12775 | Lair:3   | Reached **** piety under Trog
 13075 | Lair:3   | Found a staircase to the Swamp.
 14031 | Lair:5   | Entered Level 5 of the Lair of Beasts
 14376 | Lair:5   | Found a viscous altar of Jiyva.
 14388 | Lair:5   | Reached skill level 9 in Evocations
 14402 | Lair:5   | Reached ***** piety under Trog
 14455 | Lair:5   | Found a staircase to the Slime Pits.
 15263 | Lair:5   | Noticed a fire dragon
 15281 | Lair:5   | Killed a fire dragon
 15282 | Lair:5   | Reached XP level 14. HP: 105/126 MP: 13/13
 15816 | Lair:5   | Reached skill level 12 in Armour
 16208 | D:11     | Found a roughly hewn altar of Beogh.
 16208 | D:11     | Found a staircase to the Orcish Mines.
 16231 | Orc:1    | Entered Level 1 of the Orcish Mines
 16361 | Orc:1    | Received a gift from Trog
 16483 | Orc:1    | Noticed an orc warlord
 16504 | Orc:1    | Killed an orc warlord
 16785 | Orc:2    | Entered Level 2 of the Orcish Mines
 16832 | Orc:2    | Found a staircase to the Elven Halls.
 16900 | Orc:2    | Found a roughly hewn altar of Beogh.
 16913 | Orc:2    | Found Fagry's Distillery.
 16918 | Orc:2    | Bought a potion of resistance for 130 gold pieces
 16971 | Orc:2    | Found Boakuxof's Jewellery Emporium.
 17066 | Orc:2    | Found a roughly hewn altar of Beogh.
 17228 | Orc:2    | Found a roughly hewn altar of Beogh.
 17356 | Orc:2    | Found a roughly hewn altar of Beogh.
 17366 | Orc:2    | Found Karre's Assorted Antiques.
 17372 | Orc:2    | Bought a scroll labelled BUMEZE TOFOKO for 34 gold pieces
 17432 | Orc:2    | Reached ****** piety under Trog
 17532 | Orc:2    | Noticed Saint Roka
 17874 | Orc:2    | Killed Saint Roka
 17875 | Orc:2    | Reached skill level 18 in Axes
 17933 | Orc:2    | Found Xiumizuziu's Antique Weapon Boutique.
 17937 | Orc:2    | Found a roughly hewn altar of Beogh.
 17939 | Orc:2    | Received a gift from Trog
 17942 | Orc:2    | Found Dishofuh's Antique Armour Shop.
 17959 | Orc:2    | Bought a glimmering plate armour for 616 gold pieces
 17959 | Orc:2    | Identified the +8 plate armour "Loanoyci" {MP+9 Str+3
                  | Slay+5} (You bought it in a shop on level 2 of the Orcish
                  | Mines)
 18079 | Orc:2    | Found a roughly hewn altar of Beogh.
 18213 | Orc:2    | Found a roughly hewn altar of Beogh.
 18308 | Orc:2    | Bought the ring of Qiaff {Wiz rElec rF+ Str+3} for 687 gold
                  | pieces
 18308 | Orc:2    | Bought a ring of see invisible for 180 gold pieces
 18405 | D:9      | Bought a manual of Evocations for 1200 gold pieces
 18576 | D:11     | Identified the staff "Koysau" {Int+6 Earth}
 18591 | D:11     | Identified the +6 falchion of the Sea {antimagic, rN+}
 18720 | D:11     | Identified the staff of the Maze {rElec rPois Dex+4 Fire
                  | Alchemy}
 18730 | D:11     | Found a runed translucent door.
 18740 | D:11     | Found a runed translucent door.
 19253 | D:12     | Noticed Jorgrun
 19261 | D:12     | Killed Jorgrun
 19306 | D:12     | Reached XP level 15. HP: 136/136 MP: 14/14
 19350 | D:12     | Identified the +0 rapier "Embalmer" {flame, *Corrode rF+
                  | rC+ Will+}
 19394 | D:12     | Found a frozen archway.
 19418 | IceCv    | Entered an ice cave
 19540 | IceCv    | Received a gift from Trog
 19547 | IceCv    | Identified the +6 orcbow of Flawed Execution {freeze,
                  | Dex+4}
 19596 | IceCv    | Acquired the ring "Milala Imexa" {rF+++ rC+ rN+ Will-
                  | Dex+4}
 20182 | D:13     | Reached skill level 12 in Evocations
 21158 | D:14     | Identified the +4 war axe of the Blushing Salmon {flame,
                  | rPois Int+6}
 21178 | D:14     | Found a gate to the Vaults.
 21310 | D:14     | Received a gift from Trog
 21816 | D:15     | Entered Level 15 of the Dungeon
 22431 | D:15     | Reached skill level 15 in Armour
 22498 | D:15     | Found a staircase to the Depths.
 22971 | Swamp:1  | Entered Level 1 of the Swamp
 23039 | Slime:1  | Entered Level 1 of the Pits of Slime
 23039 | Slime:1  | Noticed an acid blob
 23044 | Slime:1  | Killed an acid blob
 23520 | Swamp:1  | Reached skill level 15 in Fighting
 23596 | Swamp:1  | Identified the blade talisman of Sif Muna's Fury {rN+}
 23735 | Swamp:1  | Reached XP level 16. HP: 149/149 MP: 15/15
 23830 | Swamp:1  | Identified the granite talisman of Yloiw {*Slow rN++ rCorr
                  | Stlth+}
 25232 | Swamp:3  | Found a transporter.
 25590 | Swamp:3  | Found a transporter.
 25863 | Swamp:3  | Received a gift from Trog
 26093 | Swamp:3  | Identified the +3 pair of gloves "Rauk Dem" {Str+3 Int+6}
 26109 | Swamp:3  | Identified the ring of Kyurid {rF+ rN+ Str+3}
 26147 | Swamp:4  | Entered Level 4 of the Swamp
 26242 | Swamp:4  | Reached skill level 15 in Evocations
 26416 | Swamp:4  | Reached skill level 18 in Armour
 26464 | Swamp:4  | Noticed a thorn hunter
 26500 | Swamp:4  | Killed a thorn hunter
 26807 | Swamp:4  | Got a decaying rune of Zot
 27056 | Snake:1  | Entered Level 1 of the Snake Pit
 27542 | Snake:1  | Identified the +6 ring mail of the Flying Gods {+Inv rElec
                  | rN+ Str-3}
 28038 | Snake:1  | Reached XP level 17. HP: 137/158 MP: 16/16
 28295 | Snake:2  | Noticed Vashnia
 28308 | Snake:2  | Killed Vashnia
 28548 | Snake:2  | Noticed Roxanne
 28933 | Snake:2  | Received a gift from Trog
 29003 | Snake:2  | Identified the +9 war axe "Sysy" {protect, rN++}
 29240 | Snake:2  | Noticed Azrael
 29253 | Snake:2  | Killed Azrael
 29705 | Snake:3  | Found Otawn's Weapon Boutique.
 29708 | Snake:3  | Found Qegotsa's Antique Armour Boutique.
 29708 | Snake:3  | Found Ynyag's Antique Armour Shop.
 29713 | Snake:3  | Found Koddotan's General Store.
 29875 | Snake:3  | Reached skill level 15 in Shields
 30583 | Snake:3  | Received a gift from Trog
 30756 | Snake:4  | Entered Level 4 of the Snake Pit
 30781 | Snake:4  | Noticed Bai Suzhen
 30794 | Snake:3  | Killed Bai Suzhen
 31209 | Snake:4  | Identified the serpent talisman "Zuarroc" {rCorr Int+6}
 31209 | Snake:4  | Noticed Aizul
 31222 | Snake:4  | Killed Aizul
 31548 | Snake:4  | Reached XP level 18. HP: 130/170 MP: 17/17
 31789 | Snake:4  | Found a glowing silver altar of Zin.
 32000 | Snake:4  | Received a gift from Trog
 32598 | Snake:4  | Found an iron altar of Okawaru.
 32620 | Snake:4  | Got a serpentine rune of Zot
 32701 | Snake:3  | Bought the +2 chain mail of Beauty {rF+ Will+} for 579 gold
                  | pieces
 32980 | Vaults:1 | Entered Level 1 of the Vaults
 32981 | Vaults:1 | Noticed Zenata
 32995 | Vaults:1 | Noticed Nikola
 32998 | Vaults:1 | Killed Zenata
 33008 | Vaults:1 | Killed Nikola
 33027 | Vaults:1 | You fall into a shaft and drop 1 floor!
 33046 | Vaults:1 | Received a gift from Trog
 33049 | Vaults:1 | Found a magical portal.
 33063 | WizLab   | Entered Wucad Mu's Monastery
 33332 | WizLab   | Found the crystal ball of Wucad Mu {*channel}
 33414 | WizLab   | Reached skill level 21 in Armour
 33414 | WizLab   | Reached XP level 19. HP: 179/179 MP: 11/18
 33586 | Vaults:1 | Reached skill level 18 in Fighting
 33764 | Vaults:1 | Reached skill level 18 in Shields
 33867 | Vaults:1 | Received a gift from Trog
 35086 | Vaults:2 | Received a gift from Trog
 35270 | Vaults:2 | Found Luanuj's Armour Shoppe.
 35285 | Vaults:2 | Reached XP level 20. HP: 100/187 MP: 19/19
 36587 | Vaults:3 | Received a gift from Trog
 36642 | Vaults:3 | Found a staircase to the Crypt.
 36642 | Vaults:3 | Found a basalt altar of Yredelemnul.
 36642 | Vaults:3 | Found an ancient bone altar of Kikubaaqudgha.
 36844 | Vaults:3 | Reached skill level 21 in Shields
 37193 | Vaults:3 | Found a roughly hewn altar of Beogh.
 37893 | Vaults:4 | Noticed a golden dragon
 37911 | Vaults:4 | Killed a golden dragon
 37928 | Vaults:4 | Identified the +7 hand axe of Vajon {antimagic, rPois Str+4
                  | Stlth-} (Trog gifted it to you on level 4 of the Vaults)
 37928 | Vaults:4 | Received a gift from Trog
 38300 | Vaults:4 | Found Qahu's Antique Weapon Shoppe.
 38308 | Vaults:4 | Bought a runed broad axe for 252 gold pieces
 38346 | Vaults:4 | Identified the +3 scale mail "Xablaron" {Harm rPois Regen+
                  | Stlth-}
 38729 | Elf:1    | Entered Level 1 of the Elven Halls
 38975 | Elf:1    | Found a runed translucent door.
 39045 | Elf:1    | Received a gift from Trog
 39390 | Elf:1    | Noticed Fiobut's ghost (adept DEAE)
 39658 | Elf:2    | Found Jocaxon's Antique Armour Shoppe.
 39677 | Elf:2    | Bought a pair of translucent boots for 294 gold pieces
 39677 | Elf:2    | Identified the +1 pair of boots of Jigsaw {Fly rF+} (You
                  | bought it in a shop on level 2 of the Elven Halls)
 39734 | Elf:2    | Found Cuclia's Weapon Emporium.
 39813 | Elf:2    | Reached XP level 21. HP: 199/199 MP: 20/20
 39839 | Elf:2    | Found a runed translucent gate.
 39840 | Elf:2    | Found a runed translucent gate.
 39840 | Elf:2    | Found a runed translucent gate.
 40014 | Elf:2    | Paralysed by an air elemental for 1 turns
 40113 | Elf:2    | Found Pemuv's Armour Emporium.
 40171 | Elf:2    | Found Wuul Ceson's Distillery.
 40176 | Elf:2    | Bought 2 potions of curing for 78 gold pieces
 40176 | Elf:2    | Bought a potion of heal wounds for 65 gold pieces
 40176 | Elf:2    | Bought a potion of curing for 39 gold pieces
 40176 | Elf:2    | Bought a potion of haste for 130 gold pieces
 40176 | Elf:2    | Bought a potion of cancellation for 104 gold pieces
 40398 | Elf:3    | Entered Level 3 of the Elven Halls
 40525 | Elf:3    | Received a gift from Trog
 40579 | Elf:3    | Found a flickering gateway to a bazaar.
 40587 | Bazaar   | Entered a bazaar
 40605 | Bazaar   | Found Byeth's Magic Scroll Boutique.
 40622 | Bazaar   | Found Jiopetom's Antique Weapon Emporium.
 40646 | Bazaar   | Found Bare's Book Boutique.
 40662 | Bazaar   | Found Amasch's Antique Armour Shoppe.
 40690 | Bazaar   | Bought a scroll of acquirement for 364 gold pieces
 40690 | Bazaar   | Bought a scroll of revelation for 52 gold pieces
 40690 | Bazaar   | Bought a scroll of revelation for 52 gold pieces
 40690 | Bazaar   | Bought a scroll of blinking for 52 gold pieces
 40690 | Bazaar   | Bought a scroll of revelation for 52 gold pieces
 40690 | Bazaar   | Acquired the +10 tower shield of Ignorance {rN+ Int-4}
 40690 | Bazaar   | Found the +10 tower shield of Ignorance {rN+ Int-4}
 41087 | Elf:3    | Paralysed by an air elemental for 1 turns
 41141 | Elf:3    | Received a gift from Trog
 41305 | Elf:3    | Identified the +3 flail "Etuil" {vamp, Will+}
 41343 | Elf:3    | Reached skill level 21 in Fighting
 41343 | Elf:3    | Identified the +6 rapier of Etuufagi {flame, Will++ MP+9}
 41371 | Elf:3    | Identified the +6 hand axe "Dohon" {flame, Stlth+} (Trog
                  | gifted it to you on level 3 of the Elven Halls)
 41371 | Elf:3    | Received a gift from Trog
 42095 | Elf:3    | Identified the +9 shortbow of Forgiveness {freeze, Str+3}
 42107 | Elf:3    | Found the +2 hood of the Assassin {Detect Stab+ Stlth++}
 42195 | Elf:3    | Identified the +1 trident of Incongruity {speed, rElec rC+
                  | rCorr Int+3}
 42586 | Depths:1 | Entered Level 1 of the Depths
 42616 | Depths:1 | Reached skill level 1 in Unarmed Combat
 42902 | Depths:1 | HP: 3/203 [frost giant/bolt of cold (23)]
 43074 | Depths:1 | Identified the +7 demon trident of Nightmares {freeze,
                  | Str-2 Int+5 SInv Stlth-}
 43227 | Depths:1 | Received a gift from Trog
 43336 | Depths:1 | Found a gateway to Hell.
 43363 | Depths:1 | Reached XP level 22. HP: 210/213 MP: 21/21
 43659 | Depths:1 | Identified the +4 long sword of the Sun {flame, rF++ rC+}
 43906 | Depths:1 | Found an ornate altar of the Wu Jian Council.
 43906 | Depths:1 | Noticed the Enchantress
 43939 | Depths:1 | Killed the Enchantress
 44159 | Depths:1 | Identified the +12 arbalest "Voeroar" {penet, rPois rC+
                  | Int-2 SInv}
 44385 | Depths:1 | Identified the +2 robe "Icvobra" {Str-2 Slay+5}
 44385 | Depths:1 | Noticed Boris
 44395 | Depths:1 | Killed Boris
 44395 | Depths:1 | Received a gift from Trog
 44994 | Depths:2 | Found a one-way gate leading to the halls of Pandemonium.
 45338 | Depths:2 | Received a gift from Trog
 45959 | Depths:2 | Found a broken altar of Ashenzari.
 46459 | Depths:3 | Found a one-way gate to the infinite horrors of the Abyss.
 46502 | Depths:3 | Found a runed translucent gate.
 46502 | Depths:3 | Found a runed translucent gate.
 46502 | Depths:3 | Found a runed translucent gate.
 46503 | Depths:3 | Noticed a golden dragon
 46503 | Depths:3 | Noticed Eluafa Diuxt's ghost (veteran TrGl)
 46526 | Depths:3 | Reached skill level 18 in Evocations
 46549 | Depths:3 | Received a gift from Trog
 46594 | Depths:3 | Found a one-way gateway to a ziggurat.
 46747 | Depths:3 | Noticed Vv
 46770 | Depths:3 | Killed Vv
 47019 | Depths:3 | Reached XP level 23. HP: 216/227 MP: 22/22
 47564 | Depths:3 | Noticed a dread lich
 47579 | Depths:3 | Killed a dread lich
 47582 | Depths:3 | Noticed a caustic shrike
 47598 | Depths:3 | Killed a caustic shrike
 47615 | Depths:3 | Identified the +9 great sword "Buexim" {venom, Str+2}
 47979 | Depths:4 | Entered Level 4 of the Depths
 48195 | Depths:4 | Noticed a caustic shrike
 48204 | Depths:4 | Killed a caustic shrike
 48210 | Depths:4 | Noticed a caustic shrike
 48210 | Depths:4 | Noticed a caustic shrike
 48222 | Depths:4 | Noticed a caustic shrike
 48223 | Depths:4 | Killed a caustic shrike
 48223 | Depths:4 | Noticed a caustic shrike
 48227 | Depths:4 | Killed a caustic shrike
 48231 | Depths:4 | Killed a caustic shrike
 48236 | Depths:4 | Killed a caustic shrike
 48459 | Depths:4 | Received a gift from Trog
 49566 | Depths:4 | Found a gate to the Realm of Zot.
 50231 | Slime:2  | Noticed Dissolution
 50239 | Slime:2  | Killed Dissolution
 50302 | Slime:2  | Gained mutation: You are clumsy. (Dex -2) [a shining eye]
 50320 | Slime:3  | Gained mutation: Your magical capacity is low. (-10% MP) [a
                  | shining eye]
 50333 | Slime:3  | Gained mutation: Your magical capacity is very low. (-20%
                  | MP) [a shining eye]
 50397 | Slime:4  | Received a gift from Trog
 50407 | Slime:4  | Gained mutation: Armour fits poorly on your strangely
                  | shaped body. [a shining eye]
 50413 | Slime:4  | Gained mutation: Your body sometimes deteriorates upon
                  | taking damage. [a shining eye]
 50414 | Slime:4  | Gained mutation: You are dopey. (Int -2) [a shining eye]
 50424 | Slime:5  | Entered Level 5 of the Pits of Slime
 50563 | Slime:5  | Found a viscous altar of Jiyva.
 50564 | Slime:5  | Noticed the Royal Jelly
 50592 | Slime:5  | Killed the Royal Jelly
 50650 | Slime:5  | Reached XP level 24. HP: 137/242 MP: 13/17
 50677 | Slime:5  | Found the +4 consecrated labrys {holy, Valiant ^Fragile Fly
                  | SInv}
 50687 | Slime:5  | Got a starry gem with 159 turns to spare
 50701 | Slime:5  | Got a slimy rune of Zot
 50759 | Slime:5  | Identified the ring of Houbaos {rPois rF+ Dex+4}
 51292 | Zot:1    | Entered Level 1 of the Realm of Zot
 51407 | Zot:1    | Lost mutation: Your body sometimes deteriorates upon taking
                  | damage. [potion of mutation]
 51407 | Zot:1    | Lost mutation: Armour fits poorly on your strangely shaped
                  | body. [potion of mutation]
 51407 | Zot:1    | Lost mutation: Your magical capacity is very low. (-20% MP)
                  | [potion of mutation]
 51407 | Zot:1    | Gained mutation: You are partially covered in iridescent
                  | scales. (AC +2) [potion of mutation]
 51407 | Zot:1    | Gained mutation: You expend magic power (3 MP) to
                  | strengthen your wands. [potion of mutation]
 51611 | Zot:1    | Received a gift from Trog
 51612 | Zot:1    | Reached skill level 27 in Armour
 52337 | Zot:3    | Noticed an orb of fire
 52973 | Zot:4    | Noticed an orb of fire
 52987 | Zot:4    | Killed an orb of fire
 53465 | Zot:4    | Received a gift from Trog
 53592 | Zot:4    | Reached skill level 27 in Fighting
 53592 | Zot:4    | Reached skill level 27 in Shields
 53950 | Zot:5    | Entered Level 5 of the Realm of Zot
 53985 | Zot:5    | Reached XP level 25. HP: 257/257 MP: 19/19
 54422 | Zot:5    | Reached skill level 5 in Dodging
 55784 | Zot:5    | Noticed an ancient lich
 55792 | Zot:5    | Killed an ancient lich
 55802 | Zot:5    | Noticed an ancient lich
 55809 | Zot:5    | Killed an ancient lich
 56469 | Zot:5    | Noticed a Killer Klown
 56472 | Zot:5    | Noticed an orb of fire
 56477 | Zot:5    | Killed a Killer Klown
 56483 | Zot:5    | Noticed an orb of fire
 56486 | Zot:5    | Gained mutation: You occasionally lose the ability to drink
                  | potions when taking damage. [an orb of fire]
 56497 | Zot:5    | Killed an orb of fire
 56498 | Zot:5    | Noticed an orb of fire
 56500 | Zot:5    | Noticed an orb of fire
 56502 | Zot:5    | Gained mutation: You are very dopey. (Int -4) [an orb of
                  | fire]
 56502 | Zot:5    | Noticed a Killer Klown
 56503 | Zot:5    | Gained mutation: You are weak. (Str -2) [an orb of fire]
 56504 | Zot:5    | Gained mutation: You sometimes lose your temper in combat.
                  | [an orb of fire]
 56514 | Zot:5    | Killed an orb of fire
 56515 | Zot:5    | Gained mutation: You are vulnerable to cold. (rC-) [an orb
                  | of fire]
 56520 | Zot:5    | Killed an orb of fire
 56522 | Zot:5    | Killed an orb of fire
 56537 | Zot:5    | Killed a Killer Klown
 56555 | Zot:5    | Lost mutation: You are weak. (Str -2) [potion of mutation]
 56555 | Zot:5    | Lost mutation: You are clumsy. (Dex -2) [potion of
                  | mutation]
 56555 | Zot:5    | Lost mutation: You sometimes lose your temper in combat.
                  | [potion of mutation]
 56555 | Zot:5    | Gained mutation: You sometimes lose your temper in combat.
                  | [potion of mutation]
 56556 | Zot:5    | Lost mutation: You occasionally lose the ability to drink
                  | potions when taking damage. [potion of mutation]
 56556 | Zot:5    | Lost mutation: You sometimes lose your temper in combat.
                  | [potion of mutation]
 56556 | Zot:5    | Gained mutation: You have large cloven feet. [potion of
                  | mutation]
 56557 | Zot:5    | Lost mutation: Your magical capacity is low. (-10% MP)
                  | [potion of mutation]
 56557 | Zot:5    | Lost mutation: You are partially covered in iridescent
                  | scales. (AC +2) [potion of mutation]
 56557 | Zot:5    | Gained mutation: You are vulnerable to heat. (rF-) [potion
                  | of mutation]
 56558 | Zot:5    | Lost mutation: You are very dopey. (Int -4) [potion of
                  | mutation]
 56558 | Zot:5    | Lost mutation: You are vulnerable to cold. (rC-) [potion of
                  | mutation]
 56558 | Zot:5    | Lost mutation: You are vulnerable to heat. (rF-) [potion of
                  | mutation]
 56558 | Zot:5    | Gained mutation: Your system is resistant to poisons.
                  | (rPois) [potion of mutation]
 56558 | Zot:5    | Lost mutation: You expend magic power (3 MP) to strengthen
                  | your wands. [potion of mutation]
 56558 | Zot:5    | Gained mutation: Your flesh is cold resistant. (rC+)
                  | [potion of mutation]
 56789 | Zot:5    | Noticed an orb of fire
 56801 | Zot:5    | Killed an orb of fire
 56803 | Zot:5    | Received a gift from Trog
 56890 | Zot:5    | Noticed an ancient lich
 56903 | Zot:5    | Killed an ancient lich
 57244 | Zot:5    | Noticed an orb of fire
 57259 | Zot:5    | Gained mutation: Your body sometimes deteriorates upon
                  | taking damage. [an orb of fire]
 57265 | Zot:5    | Killed an orb of fire
 57499 | Zot:5    | Noticed a dread lich
 57508 | Zot:5    | Killed a dread lich
 57509 | Zot:5    | Reached skill level 9 in Dodging
 57519 | Zot:5    | Noticed an orb of fire
 57529 | Zot:5    | Got the Orb of Zot
 57782 | Depths:1 | Noticed Nime the pandemonium lord
 58068 | D:4      | Noticed a seraph
 58124 | D:$      | Escaped with the Orb!

Illustrated notes

Levels and vault maps discovered:
D:1:      minmay_arrival_plants_in_alcoves, layout_rooms
D:2:      layout_rooms, basic_altar, uniq_robin
D:3:      layout_basic, mainiacjoe_overflow_alcove_4, fedhas_altar_3,
          chequers_serial_rivers_micro_d
D:4:      layout_layer_cave, grunt_ministairs_11
D:5:      layout_basic, mainiacjoe_overflow_large_starburst,
          mainiacjoe_overflow_alcove_2, mainiacjoe_overflow_tiny_flanked,
          mainiacjoe_overflow_cross_hatched, uniq_blork_the_orc
D:6:      layout_loops_ring, nicolae_kikubaaqudgha_miasma_corner,
          minmay_temple_entry_enclosed_plants
D:7:      layout_gridville, mainiacjoe_overflow_catwalk,
          mainiacjoe_overflow_brackets, uniq_crazy_yiuf_cottage
D:8:      layout_loops_ring, nicolae_ru_the_path_less_chosen, marbit_many_paths,
          minmay_misc_feat_tower, uniq_pikel
D:9:      layout_rooms, riverfiend_overflow_shadow_ancestor,
          lemuel_crystal_altar, serial_shops, nicolae_shop_back_alley_shop,
          nicolae_shop_window_shopping, hangedman_glass_teeth,
          nicolae_shop_vocational
D:10:     layout_gridville, yredelemnul_forgotten_temple_becter,
          minmay_lair_entry_grove, enter_bailey_2, uniq_grum, uniq_josephine,
          uniq_urug, uniq_joseph
D:11:     minmay_the_grid_triangle_9x9_recursive_2_mashed
          [minmay_the_grid_triangle_9x9_prize_schism,
          minmay_the_grid_triangle_9x9_from_above,
          minmay_the_grid_triangle_9x9_steps,
          minmay_the_grid_triangle_9x9_tough_junction], layout_basic,
          david_orc_5, minmay_misc_feat_x
D:12:     layout_rooms, portal_ice_cave_entry_ice_simulacra, minivault_16,
          statue_in_the_mist_lemuel, uniq_jorgrun
D:13:     layout_loops_corners
D:14:     argonaut_augean_stables, layout_basic, david_vaults_4,
          kennysheep_generic_room_4
D:15:     grunt_enter_depths_magical_seal, layout_basic
Lair:1:   layout_loops_ring, uniq_erica
Lair:2:   layout_chaotic_city, lemuel_centaur_altar, lemuel_fruit_tree,
          infiniplex_staircase_pool, uniq_fannar
Lair:3:   layout_gridlike, minmay_swamp_entry_worms, dummy_snake_entry,
          minmay_stone_trees_small, minivault_26, minmay_lair_oklob_bushes,
          uniq_rupert
Lair:4:   layout_long_grid, columned_hall_lemuel, serial_bayou_shore_b,
          grunt_megastairs_2, infiniplex_staircase_pool_2
Lair:5:   wormcave, layout_hall_layers, guppyfry_lair_end_dragon,
          nicolae_slime_entry_field_trip, worms_lemuel
Swamp:1:  layout_basic_swamp, evilmike_swamp_ruin_rubble_1,
          hangedman_swamp_blocks, nicolae_swamp_tree_isthmus
Swamp:2:  layout_falls_marsh, nicolae_swamp_tree_designs, kb_tengu_band
Swamp:3:  gammafunk_worm_tunnel, layout_falls_marsh,
          nicolae_swamp_very_dense_foliage, swamp_pool_1_2
Swamp:4:  swamp_alternative, layout_basic_swamp
Snake:1:  layout_chambers, nicolae_snake_snake_lake, dpeg_stationary_puzzle
Snake:2:  layout_concentric_octagons, uniq_roxanne, uniq_azrael, uniq_vashnia
Snake:3:  layout_gridlike, corexii_hall_statues_s, nicolae_snake_lava_pool,
          minmay_shoptagon, nicolae_triple_integral
Snake:4:  grunt_snake_rune_serpentine_throne, layout_onion, serial_library,
          serial_library_hellmonk_room_c, serial_library_hellmonk_hallway_a,
          serial_library_hellmonk_recessed_alcove,
          serial_library_regret_index_turning, serial_library_hellmonk_room_b,
          serial_library_hellmonk_h_bend, serial_library_regret_index_turning,
          serial_library_hellmonk_metal_room, basic_altar, uniq_aizul,
          uniq_bai_suzhen
Slime:1:  layout_caves
Slime:2:  layout_caves, dissolution_awaits
Slime:3:  layout_caves, cheibrodos_slime_lost_civilization_4
Slime:4:  layout_caves
Slime:5:  slime_pit
Orc:1:    layout_caves, nicolae_orc_tapped_out
Orc:2:    grunt_orc_community_town_hall, layout_caves,
          grunt_orc_community_big_house_2, grunt_orc_community_big_house_2,
          grunt_orc_community_house_1, grunt_orc_community_house_3,
          grunt_orc_community_house_3, grunt_orc_community_house_3,
          grunt_orc_community_house_3, serial_shops, nicolae_shop_stone
Elf:1:    nicolae_elf_arrival_fired_up, layout_loops_corners,
          ebering_ghost_reflecting_pool, minmay_elf_necromancy
Elf:2:    nicolae_elf_blades_crystal_corner, layout_loops_corners, serial_shops,
          shop, nicolae_shop_scrapyard, shop, shop, lemuel_flamethrower_2
Elf:3:    minmay_elf_hall_quartered_circle, layout_gridlike, serial_shops,
          bzr_entry_lakeside, grunt_ministairs_15, st_stairs_14,
          onia_ninara_cookie
Vaults:1: infiniplex_enter_wizlab_water, ontoclasm_vaults_twist,
          ontoclasm_vaults_gateway, v_misc_2,
          nicolae_vaults_doubleplus_tesselated, hangedman_vaults_slice,
          nicolae_vaults_tetromino_T_1, v_pattern_3,
          nicolae_vaults_tetromino_L_1, nicolae_vaults_apartment_1, v_misc_27,
          vaults_room_hallway, nicolae_vaults_weapon_check,
          layout_vaults_omnibox, uniq_nikola, uniq_zenata
Vaults:2: vaults_room_door_ring, nicolae_vaults_taking_the_gang_shopping,
          hangedman_vaults_stagger, vaults_dpeg_spiral, dpeg_vaults_monster_row,
          hangedman_vaults_restitches, vaults_mumra_hexcomb, v_alt_pattern_1,
          v_misc_5, vaults_dpeg_ring, nicolae_vaults_cochlea,
          layout_vaults_omnigrid
Vaults:3: nicolae_vaults_trapezoid_1, v_misc_26,
          nicolae_vaults_trapezoid_lopsided_2, lightli_church_of_beogh,
          minmay_crypt_entry_necro_gods, nicolae_vaults_heart-shaped_vault,
          v_misc_3, layout_vaults_chaotic_city
Vaults:4: nicolae_vaults_octothorpe, ontoclasm_vaults_misaligned,
          nicolae_vaults_stepped_doors, dpeg_vaults_waves,
          nicolae_vaults_angled_halls, nicolae_vaults_diamond_2,
          hangedman_vaults_corner, nicolae_vaults_six-pack,
          layout_vaults_maze_snakey, serial_shops, shop
Depths:1: grunt_x_marks_the_spot, layout_gridlike, nzn_wu_jian_contemplation,
          hell_entry, uniq_boris, uniq_enchantress
Depths:2: minmay_polygon_palace, layout_gridlike, hell_entry,
          nicolae_ashenzari_panopticon, pan_entry, infiniplex_staircase_zigzag_3
Depths:3: kennysheep_large_spiral, layout_gridlike, enter_ziggurat_f,
          pf_dread_powers_of_hell, gammafunk_ghost_split, abyss_entry, uniq_vv
Depths:4: evilmike_zot_entry_gauntlet, layout_gridlike, nicolae_eternal_life,
          lightli_too_deep, regret_index_abyss_entry_earlier_magic
Zot:1:    layout_cellular_growth
Zot:2:    layout_misc_corridors
Zot:3:    layout_misc_corridors, regret_index_zotdec_golden_two_three,
          lemuel_elevator
Zot:4:    layout_misc_corridors
Zot:5:    layout_cathedral_of_symmetry, st_stairs_5

Skill      XL: |  1  2  3  4  5  6  7  8  9 10 11 12 13 14 15 16 17 18 19 20 21 22 23 24 25 |
---------------+----------------------------------------------------------------------------+-----
Fighting       | 4 5 6 9 11 12 13 15 17 18 19 21 23 25 27 | 27.0
Shields        | 4 5 6 7 9 10 11 12 13 16 17 19 21 23 24 25 27 | 27.0
Axes           | 3 4 5 6 8 10 12 13 15 17 18 19 | 19.8
Throwing       | 1 2 3 5 6 |  6.8
Armour         | 7 9 11 13 16 18 19 21 22 25 26 27 | 27.0
Evocations     | 4 7 9 11 13 16 18 19 | 19.1
Dodging        | 1 2 3 4 9 |  9.4
Unarmed Combat | 4 |  4.9

Action                     |  1- 3 |  4- 6 |  7- 9 | 10-12 | 13-15 | 16-18 | 19-21 | 22-24 | 25-27 || total
---------------------------+-------+-------+-------+-------+-------+-------+-------+-------+-------++-------
  Melee: War axe           |    78 |    96 |   268 |   131 |     4 |    65 |       |       |       ||   642
         Headbutt          |     7 |    11 |    55 |    88 |   169 |   211 |   248 |   459 |   100 ||  1348
         Broad axe         |       |       |       |   266 |   815 |   822 |   992 |   980 |       ||  3875
         Hand axe          |       |       |       |     5 |    23 |       |       |       |       ||    28
         Labrys            |       |       |       |       |       |       |       |   521 |   355 ||   876
  Throw: Dart              |     2 |     2 |     2 |    12 |    17 |     3 |     8 |       |       ||    46
         Throwing net      |       |       |       |     1 |     1 |       |       |       |       ||     2
 Invoke: Berserk           |       |       |     1 |     7 |     6 |     2 |     1 |     2 |       ||    19
         Trog's Hand       |       |       |       |     3 |     1 |     6 |     4 |     8 |     2 ||    24
         Brothers in Arms  |       |       |       |       |       |       |       |     1 |     1 ||     2
  Evoke: Wand              |       |     1 |     1 |    16 |    10 |    32 |     3 |     1 |     4 ||    68
         Condenser vane    |       |       |       |     1 |       |       |     1 |       |       ||     2
         Phial of floods   |       |       |       |       |       |     1 |       |     1 |       ||     2
         Lightning rod     |       |       |       |       |       |       |    12 |    10 |       ||    22
         Box of beasts     |       |       |       |       |       |       |       |     1 |       ||     1
    Use: Scroll            |       |     5 |     2 |     9 |    10 |    13 |     5 |    13 |     7 ||    64
         Potion            |       |     2 |     1 |       |     1 |     3 |     2 |     4 |     7 ||    20
   Stab: Petrified         |       |       |       |    10 |       |       |       |       |       ||    10
         Petrifying        |       |       |       |     1 |       |       |       |       |       ||     1
         Distracted        |       |       |       |       |       |       |     1 |       |       ||     1
 Armour: Scale mail        |    72 |    85 |   116 |       |       |       |       |       |       ||   273
         Chain mail        |       |       |    58 |    27 |       |    77 |   573 |   219 |       ||   954
         Ring mail         |       |       |       |    91 |       |       |       |       |       ||    91
         Fire dragon scale |       |       |       |   239 |   279 |       |       |       |       ||   518
         Skin              |       |       |       |       |     8 |       |       |       |       ||     8
         Plate armour      |       |       |       |       |   262 |   794 |       |    72 |       ||  1128
         Gold dragon scale |       |       |       |       |       |       |       |   342 |   133 ||   475
  Dodge: Dodged            |    42 |    45 |    84 |   134 |   184 |   236 |   189 |   157 |    30 ||  1101
  Block: Buckler           |    16 |    22 |    71 |   133 |   147 |       |       |       |       ||   389
         Kite shield       |       |       |       |       |    79 |   639 |   576 |       |       ||  1294
         Reflection        |       |       |       |       |       |    49 |    72 |       |       ||   121
         Tower shield      |       |       |       |       |       |       |   109 |  1741 |   338 ||  2188

Table legend: (Time is in decaauts)
 A = Elapsed time spent in this place.
 B = Non-inter-level travel time spent in this place.
 C = Inter-level travel time spent in this place.
 D = Time resting spent in this place.
 E = Time spent auto-exploring this place.
 F = Levels seen in this place.
 G = Mean time per level.
                   A        B        C        D        E       F      G
               +--------+--------+--------+--------+--------+-----+--------+
         Total |  57457 |  50932 |   6525 |   6315 |  31700 |  55 | 1044.7 |
       Dungeon |  15276 |  12985 |   2291 |    350 |   9682 |  15 | 1018.4 |
          Lair |   6790 |   5617 |   1173 |    832 |   3294 |   5 | 1358.0 |
         Swamp |   3629 |   3322 |    307 |    324 |   2116 |   4 |  907.2 |
     Snake Pit |   5608 |   5267 |    341 |    614 |   3547 |   4 | 1402.0 |
    Slime Pits |    635 |    542 |     93 |    140 |      0 |   5 |  127.0 |
  Orcish Mines |   2180 |   1949 |    231 |    286 |   1168 |   2 | 1090.0 |
   Elven Halls |   3511 |   3270 |    241 |    519 |   2010 |   3 | 1170.3 |
        Vaults |   5045 |   4629 |    416 |    309 |   3320 |   4 | 1261.2 |
        Depths |   7530 |   6447 |   1083 |    329 |   4460 |   4 | 1882.5 |
           Zot |   5813 |   5469 |    344 |   2180 |   1870 |   5 | 1162.6 |
        Bazaar |    120 |    120 |      0 |      0 |     93 |   1 |  120.0 |
        Bailey |    699 |    699 |      0 |    365 |     84 |   1 |  699.0 |
      Ice Cave |    209 |    209 |      0 |     54 |      0 |   1 |  209.0 |
        Wizlab |    406 |    406 |      0 |      9 |     55 |   1 |  406.0 |
               +--------+--------+--------+--------+--------+-----+--------+

Top non-repeatable levels by time:
   Zot:5: 3124 daAuts
  Lair:5: 2067 daAuts
Depths:1: 2045 daAuts
Depths:4: 2034 daAuts
Depths:3: 1885 daAuts
     D:4: 1728 daAuts
   Elf:3: 1703 daAuts
 Snake:4: 1654 daAuts
Vaults:2: 1645 daAuts
Vaults:3: 1635 daAuts
Depths:2: 1565 daAuts
   Orc:2: 1553 daAuts
    D:14: 1513 daAuts
 Snake:3: 1429 daAuts
    D:10: 1405 daAuts
